 Dungeon Crawl Stone Soup version 0.31.0-9-g3a7656b989 (webtiles) character file.

Game seed: 17093211476957185226

2394 GreatBamboolord the Covert (level 9, 0/51 HPs)
             Began as an Octopode Enchanter on Jan 27, 2024.
             Was a Priest of Dithmenos.
             Slain by an orc wizard
             ... wielding a +0 dagger
              (1 damage)
             ... on level 7 of the Dungeon.
             The game lasted 00:17:18 (6539 turns).

GreatBamboolord the Covert (Octopode Enchanter)     Turns: 6539, Time: 00:17:19

Health: 0/51       AC:  3    Str:  7    XL:     9   Next: 46%
Magic:  9/16       EV: 14    Int: 21    God:    Dithmenos [***...]
Gold:   362        SH:  0    Dex: 13    Spells: 8/17 levels left

rFire   . . .        g - +2 dagger (drain)
rCold   . . .        (no shield)
rNeg    . . .        m - +2 hat
rPois   .            (no amulet)
rElec   .            (no ring)
rCorr   .            (no ring)
SInv    .            (no ring)
Will    .....        (no ring)
Stlth   +++++++      (no ring)
HPRegen 0.28/turn    (no ring)
MPRegen 0.15/turn    (no ring)
                     (no ring)

%: no passive effects
@: attractive, wreathed by umbra
A: almost no armour, amphibious, 8 rings, camouflage 1, gelatinous body 1,
(nimble swimmer 1), tentacles
a: Renounce Religion, Shadow Step


You were on level 7 of the Dungeon.
You worshipped Dithmenos.
Dithmenos was most pleased with you.
You visited 2 branches of the dungeon, and saw 8 of its levels.

You collected 362 gold pieces.

Inventory:

Hand Weapons
 a - a +3 dagger of venom
 g - a +2 dagger of draining (weapon)
 k - a +1 short sword of electrocution
Missiles
 s - 3 throwing nets
Armour
 m - a +2 hat (worn)
Jewellery
 v - a +4 ring of protection
Wands
 u - a wand of iceblast (20)
 x - a wand of polymorph (12)
Scrolls
 c - a scroll of summoning {unknown}
 h - a scroll of amnesia {unknown}
 j - 2 scrolls of revelation {unknown}
 n - a scroll of teleportation
 o - a scroll of blinking {unknown}
 p - 2 scrolls of vulnerability {unknown}
 r - a scroll of enchant weapon {unknown}
 t - a scroll of fear {unknown}
 w - a scroll of identify
Potions
 b - 3 potions of invisibility
 d - 2 potions of lignification
 e - a potion of haste
 f - a potion of might
 l - a potion of resistance {unknown}


   Skills:
 + Level 4.5 Short Blades
 + Level 5.0 Dodging
 * Level 9.8 Stealth
 * Level 4.9 Spellcasting
 * Level 6.0 Hexes
 - Level 4.0 Ice Magic


You had 8 spell levels left.
You knew the following spells:

 Your Spells              Type           Power      Damage    Failure   Level
a - Ensorcelled Hibernat  Hex/Ice        52%        N/A       1%          2
b - Freeze                Ice            88%        1d9       2%          1
c - Confusing Touch       Hex            30%        N/A       2%          3
d - Tukima's Dance        Hex            30%        N/A       2%          3

Your spell library contained the following spells:

 Spells                   Type           Power      Damage    Failure   Level
 Frozen Ramparts          Ice            44%        1d7       6%          3
 Dazzling Flash           Conj/Hex       34%        N/A       10%         3
 Magic Dart               Conj           20%        1d4       11%         1
 Hailstorm                Conj/Ice       13%        3d6       14%         3
 Blink                    Tloc           10%        N/A       17%         2
 Call Imp                 Summ           10%        N/A       17%         2
 Cigotuvi's Dreadful Rot  Necr/Alch/Air  10%        N/A       17%         2
 Dispel Undead            Necr           5%         3d7       73%         4
 Martyr's Knell           Necr/Summ      5%         N/A       73%         4
 Death Channel            Necr           2%         N/A       100%        6


Dungeon Overview and Level Annotations

Branches:
Dungeon (7/15)             Temple (1/1) D:6

Altars:
Ashenzari
Cheibriados
Dithmenos
Elyvilon
Fedhas
Gozag
Kikubaaqudgha
Makhleb
Nemelex Xobeh
Okawaru
Qazlal
Ru
Sif Muna
Trog
Uskayaw
Vehumet
Wu Jian
Xom
Yredelemnul
Zin
The Shining One

Shops:
D:4 (::

Annotations:
D:7 1 transporter, wooly's ghost, novice DEEE


Innate Abilities, Weirdness & Mutations

You cannot wear most types of armour.
You are amphibious.
You can wear up to eight rings at the same time.
Your skin changes colour to match your surroundings (Stealth+).
Your rubbery body absorbs attacks. (AC +1, EV +1)
((You are camouflaged when in or above water. (Stealth+)))
You have tentacles for arms and can constrict up to eight enemies at once.


Message History

You are more confused.
Unknown command.
You bump into the rock wall.
Something hits you. Something completely misses you.
Unknown command.
You closely miss something. Something hits you.
Unknown command.
You bump into the rock wall.
You hear some strange, mumbled words.
A magic dart appears from out of thin air!
The magic dart hits you. Something hits you but does no damage.
You closely miss something. Something hits you. x2
You bump into the rock wall.
Something hits you.
* * * LOW HITPOINT WARNING * * *
Something hits you but does no damage.
It was a potion of cancellation.
Your magical effects are unravelling.
You feel magically purged.
You feel less confused.
Your tentacles stop glowing.
An orc wizard appears from thin air!
Reactivating autopickup.
Something hits you.
* * * LOW HITPOINT WARNING * * *
Deactivating autopickup; reactivate with Ctrl-A.
The orc wizard closely misses you.
It was a potion of attraction.
You feel attractive to monsters. Something hits you but does no damage.
The orc wizard hits you with a +0 dagger.
* * * LOW HITPOINT WARNING * * *
Unknown command.
You hit the orc wizard. Your grab misses the orc wizard.
Your tentacle-slap misses the orc wizard.
The orc wizard is severely wounded.
You hear some strange, mumbled words.
A magic dart appears from out of thin air!
The magic dart hits you!
* * * LOW HITPOINT WARNING * * *
The orc wizard hits you with a +0 dagger.
You die...

.##..#.##. . #5..
#.### .. ..
.....##.#.. ..#
... ###5##....#
.[. #...##
####©###....##
#...#
..........###
#...###
###..#..##
#...### ##..###
##..@.#####....##
###{o.##..#....##
##.....#......#
###..##......#
##.###......#
#..# #......#
#.## ##....## .
##)# #...##
..##### #..#
#..##


You could see an orc wizard (very drained).

Vanquished Creatures
  A two-headed ogre (D:6)
  3 water moccasins (D:7)
  An ice beast (D:6)
  A black bear (D:6)
  2 ogres
  A centaur (D:6)
  A phantom (D:6)
  2 kobold brigands
  2 scorpions (D:5)
  A bullfrog (D:7)
  2 hounds (D:7)
  2 bombardier beetles
  3 jellies (D:6)
  A gnoll bouda (D:5)
  3 iguanas
  3 orc wizards
  10 gnolls
  2 adders
  3 shadow imps
  2 white imps
  2 ufetubi (D:7)
  3 dart slugs
  21 orcs
  7 ball pythons
  10 endoplasms
  3 giant cockroaches
  8 goblins
  5 hobgoblins
  3 quokkas
  4 bats
  2 frilled lizards (D:1)
  16 kobolds
  8 rats
138 creatures vanquished.

Notes
Turn   | Place    | Note
-------+----------+-------------------------------------------
     0 | D:1      | GreatBamboolord the Octopode Enchanter began the quest for
                  | the Orb.
     0 | D:1      | Reached XP level 1. HP: 11/11 MP: 3/3
   230 | D:1      | Reached XP level 2. HP: 17/17 MP: 5/5
   238 | D:1      | Learned a level 2 spell: Ensorcelled Hibernation
   338 | D:1      | Learned a level 1 spell: Freeze
   769 | D:1      | Reached XP level 3. HP: 21/21 MP: 3/6
  1088 | D:1      | Reached skill level 1 in Ice Magic
  2031 | D:2      | Learned a level 3 spell: Confusing Touch
  2080 | D:3      | Found a faded altar of an unknown god.
  2109 | D:3      | Prayed at the altar of an unknown god.
  2109 | D:3      | Became a worshipper of Dithmenos the Shadowed
  2109 | D:3      | Reached * piety under Dithmenos
  2119 | D:3      | Reached XP level 4. HP: 27/27 MP: 7/7
  2809 | D:3      | Reached XP level 5. HP: 29/31 MP: 5/8
  3050 | D:4      | Found Cuqoadd's Weapon Shop.
  3050 | D:4      | Found Aroih's Book Shop.
  3050 | D:4      | Found Jiakan's Book Shop.
  3100 | D:4      | Reached skill level 5 in Stealth
  3173 | D:4      | Learned a level 3 spell: Tukima's Dance
  3234 | D:4      | Noticed an ogre
  3248 | D:4      | Killed an ogre
  3248 | D:4      | Reached ** piety under Dithmenos
  3249 | D:4      | Reached XP level 6. HP: 36/36 MP: 6/10
  3435 | D:4      | Found a radiant altar of Vehumet.
  3436 | D:4      | Found a bloodstained altar of Trog.
  3437 | D:4      | Found an ancient bone altar of Kikubaaqudgha.
  3458 | D:4      | Found a glowing golden altar of the Shining One.
  3812 | D:5      | Entered Level 5 of the Dungeon
  3969 | D:5      | Reached skill level 6 in Stealth
  4101 | D:5      | Reached XP level 7. HP: 41/41 MP: 11/11
  4539 | D:5      | HP: 2/61 [poisoned by an orc wizard]
  4554 | D:5      | HP: 3/61 [poisoned by an orc wizard]
  5019 | D:6      | Noticed a two-headed ogre
  5244 | D:6      | Found a staircase to the Ecumenical Temple.
  5251 | Temple   | Entered the Ecumenical Temple
  5287 | D:6      | Reached skill level 7 in Stealth
  5288 | D:6      | Killed a two-headed ogre
  5289 | D:6      | Reached skill level 8 in Stealth
  5289 | D:6      | Reached XP level 8. HP: 25/46 MP: 5/13
  5307 | D:6      | Reached *** piety under Dithmenos
  5308 | D:6      | Reached skill level 5 in Hexes
  5636 | D:6      | Reached skill level 9 in Stealth
  5769 | D:6      | Reached XP level 9. HP: 51/51 MP: 10/15
  6205 | D:7      | Found a snail-covered altar of Cheibriados.
  6386 | D:7      | Found a transporter.
  6389 | D:7      | Noticed wooly's ghost (novice DEEE)
  6391 | D:7      | Found a shimmering altar of Xom.
  6496 | D:7      | Reached skill level 5 in Dodging
  6539 | D:7      | HP: 1/51 [something/magic dart (9)]
  6539 | D:7      | Slain by an orc wizard

Illustrated notes

Levels and vault maps discovered:
D:1:      amcnicky_arrival_double_pillar, layout_loops_corners,
          wander_ebering_terrifying_dragon_lair
D:2:      layout_basic
D:3:      layout_basic, chequers_ecumenical_altar_simple
D:4:      layout_basic, minitemple, nicolae_shop_distant_corner_stores,
          mrwooster_statue_mirror
D:5:      layout_rooms, grunt_decor_resistance
D:6:      layout_basic, temple_fountains
D:7:      layout_cave_pods, gammafunk_ghost_stat_death, st_stairs_5,
          hangedman_feature_mirror
Temple:   minmay_temple_bridge_d

Skill      XL: |  1  2  3  4  5  6  7  8  9 |
---------------+----------------------------+-----
Ice Magic      | 1 2 3 4 |  4.0
Stealth        | 5 6 8 9 |  9.8
Short Blades   | 2 3 4 |  4.5
Dodging        | 3 4 5 |  5.0
Spellcasting   | 3 4 |  4.9
Hexes          | 4 5 6 |  6.0

Action                     |  1- 3 |  4- 6 |  7- 9 || total
---------------------------+-------+-------+-------++-------
  Melee: Dagger            |    68 |    68 |   118 ||   254
         Constrict         |    10 |     8 |    14 ||    32
         Tentacles         |     4 |     8 |    18 ||    30
         Punch             |       |     1 |     1 ||     2
   Cast: Ensorcelled Hiber |    23 |    35 |    56 ||   114
         Freeze            |     1 |       |       ||     1
         Tukima's Dance    |       |       |     2 ||     2
         Confusing Touch   |       |       |     5 ||     5
  Evoke: Wand              |       |       |     2 ||     2
    Use: Scroll            |       |     5 |     2 ||     7
         Potion            |       |       |    11 ||    11
   Stab: Sleeping          |    27 |    32 |    30 ||    89
         Confused          |       |       |     4 ||     4
         Invisible         |       |       |     1 ||     1
 Armour: Skin              |    20 |    26 |   111 ||   157
  Dodge: Dodged            |    48 |    33 |   105 ||   186
